 Dungeon Sprint DCSS version 0.16.1-28-gcc2312f (webtiles) character file.

14 Kidiri the Firebug (level 2, 0/18 HPs)
             Began as a High Elf Fire Elementalist on May 28, 2015.
             Was a Follower of Vehumet.
             Succumbed to a worker ant's poison
             ... in the Dungeon (Sprint VII: "The Pits").
             The game lasted 00:03:20 (379 turns).

Kidiri the Firebug (High Elf Fire Elementalist)      Turns: 379, Time: 00:03:20

Health: 0/18       AC:  2    Str:  7    XL:     2   Next: 31%
Magic:  0/7        EV: 13    Int: 18    God:    Vehumet [*.....]
Gold:   0          SH:  0    Dex: 15    Spells: 2 memorised, 4 levels left

rFire  . . .     SeeInvis .     p - +2 falchion
rCold  . . .     Clarity  .     a - +0 robe
rNeg   . . .     SustAb   .     (no shield)
rPois  .         Gourm    .     (no helmet)
rElec  .         Spirit   .     (no cloak)
rCorr  .         Warding  .     (no gloves)
rMut   .         NoTele   +     (no boots)
MR     .....                    (no amulet)
Stlth  ++........               (no ring)
                                (no ring)

@: lethally poisoned (0 -> -6), very slightly contaminated, hasted, very quick,
not resistant to hostile enchantments, unstealthy
A: no striking features
a: Renounce Religion


You were in the Dungeon.
You worshipped Vehumet.
Vehumet was aware of your devotion.
You were not hungry.

You visited 1 branch

Inventory:

Hand weapons
 p - a +2 falchion (weapon)
Armour
 a - a +0 robe (worn)
Scrolls
 i - a scroll of blinking
 m - 3 scrolls of remove curse
 n - 5 scrolls of amnesia
Potions
 g - 4 potions of magic
 h - 3 potions of berserk rage
 l - 2 potions of invisibility
Books
 b - a book of Flames

   Spells                             Type                      Level
   a - Flame Tongue                   Conjuration/Fire             1
   b - Throw Flame                    Conjuration/Fire             2
   c - Conjure Flame                  Conjuration/Fire             3
   d - Inner Flame                    Hexes/Fire                   3
   e - Sticky Flame                   Conjuration/Fire             4
   f - Fireball                       Conjuration/Fire             5
Comestibles
 c - 8 bread rations
 j - 40 fruits
 k - 7 meat rations


   Skills:
 + Level 1.3 Fighting
 + Level 0.0 Long Blades
 + Level 2.8 Dodging
 + Level 2.7 Stealth
 * Level 3.4 Spellcasting
 * Level 2.5 Conjurations
 * Level 3.7 Fire Magic


You had 4 spell levels left.
You knew the following spells:

 Your Spells              Type           Power        Failure   Level  Hunger
a - Flame Tongue          Conj/Fire      ##...        4%          1    None
b - Throw Flame           Conj/Fire      ##....       8%          2    ##.....


Dungeon Overview and Level Annotations

Branches:
Dungeon (1/1)

Altars:
Ashenzari
Cheibriados
Dithmenos
Elyvilon
Fedhas
Gozag
Kikubaaqudgha
Makhleb
Nemelex Xobeh
Okawaru
Qazlal
Ru
Sif Muna
Trog
Vehumet
Xom
Yredelemnul
Zin
The Shining One
Beogh
Jiyva
Lugonu


Message History

The worker ant is almost dead.
* * * LOW HITPOINT WARNING * * *
You feel sick.
* * * LOW HITPOINT WARNING * * *
You feel sick.
Casting: Flame Tongue
Confirm with . or Enter, or press ? or * to list all spells.
You don't have enough magic to cast that spell.
Unknown command.
You aren't carrying any items that can be evoked.
Read which item? (? for menu, Esc to quit)
As you read the scroll of summoning, it crumbles to dust.
Wisps of shadow whirl around you...
* * * LOW HITPOINT WARNING * * *
You feel sick.
Your small abomination closely misses the worker ant.
* * * LOW HITPOINT WARNING * * *
You feel sick.
The orc hits your small abomination but does no damage.
You die...

_____# _____#
#'##############++######
'.'..##................#
#.#?(##......#..#......#
#'#####................+
......'....o.xxa.......+
#'#####...g..#..#......#
..# #......x..@......#
..# ####'#####++######
### #.......# ..#
#.......# ..# #.......#
)## #...<...# g.
#.......# ... #.......#
#### #.......#


You could see a worker ant, an orc, a goblin and 3 friendly small abominations.

Vanquished Creatures
  An ufetubus (D)
  A giant gecko (D)
  An ooze (D)
  An orc (D)
  A ball python (D)
  A hobgoblin (D)
6 creatures vanquished.

Notes
Turn   | Place    | Note
--------------------------------------------------------------
     0 | D        | Kidiri, the High Elf Fire Elementalist, began the quest for the Orb.
     0 | D        | Reached XP level 1. HP: 11/11 MP: 4/4
    28 | D        | Found a sacrificial altar of Ru.
    28 | D        | Found a basalt altar of Yredelemnul.
    28 | D        | Found a shadowy altar of Dithmenos.
    28 | D        | Found a deep blue altar of Sif Muna.
    28 | D        | Found a burning altar of Makhleb.
    28 | D        | Found a shimmering altar of Xom.
    28 | D        | Found an ancient bone altar of Kikubaaqudgha.
    28 | D        | Found a sparkling altar of Nemelex Xobeh.
    29 | D        | Found a glowing golden altar of the Shining One.
    29 | D        | Found a bloodstained altar of Trog.
    29 | D        | Found a shattered altar of Ashenzari.
    29 | D        | Found a white marble altar of Elyvilon.
    29 | D        | Found a snail-covered altar of Cheibriados.
    29 | D        | Found a blossoming altar of Fedhas.
    29 | D        | Found a radiant altar of Vehumet.
    29 | D        | Found a glowing silver altar of Zin.
    29 | D        | Found a corrupted altar of Lugonu.
    29 | D        | Found a viscous altar of Jiyva.
    29 | D        | Found a roughly hewn altar of Beogh.
    29 | D        | Found an iron altar of Okawaru.
    35 | D        | Found a stormy altar of Qazlal.
    36 | D        | Found an opulent altar of Gozag.
    39 | D        | Became a worshipper of Vehumet
   151 | D        | Reached skill level 1 in Fighting
   151 | D        | Reached XP level 2. HP: 15/18 MP: 7/7
   155 | D        | Learned a level 2 spell: Throw Flame
   211 | D        | Acquired Vehumet's first power
   211 | D        | Offered knowledge of Shock by Vehumet.
   346 | D        | Noticed a worker ant
   379 | D        | Succumbed to a worker ant's poison

Action                   || total
-------------------------++-------
Melee: Falchion          ||    14
       Unarmed           ||     1
 Cast: Flame Tongue      ||    10
       Throw Flame       ||     2
  Use: Potion            ||     3
       Scroll            ||     1
 Stab: Sleeping          ||     3
